Map: Pillars of Gold LE

Players

Massa

  • Race: Terran Terran
  • League: Platinum
  • Spawn Location: 7:00

Dendunadan - Winner!

  • Race: Terran Terran
  • League: Diamond
  • Spawn Location: 1:00

VOD

Have the link to the VOD?

Description

Time

  • Played on: Jan. 17, 2021, 6:55 a.m.
  • Length: 24:27
Show
View Real Time Build Order
Export as new Build Order

Massa Terran 

Build Orders:  

Get SALT Encoding   

  12  0:00  SCV  
  13  0:12  SCV  
  14  0:19  Supply Depot  
  14  0:24  SCV  
  15  0:41  SCV, Barracks  
  16  0:46  Refinery  
  16  0:53  SCV  
  17  1:07  SCV  
  18  1:19  SCV  
  19  1:36  Barracks Reactor  
  19  1:40  Orbital Command  
  19  1:47  Command Center  
  18  2:09  Supply Depot  
  18  2:13  SCV  
  19  2:17  Marine  
  19  2:18  Marine  
  19  2:20  Factory  
  21  2:25  SCV  
  22  2:37  SCV  
  22  2:38  Marine x2  
  25  2:49  SCV  
  26  2:52  Supply Depot  
  26  2:56  Marine x2  
  28  2:59  Orbital Command  
  28  3:12  Starport  
  28  3:14  SCV  
  29  3:23  Barracks Tech Lab, Hellion x2  
  33  3:30  SCV x2  
  35  3:38  Refinery  
  35  3:44  Hellion x2  
  39  3:53  SCV x2  
  41  3:58  Banshee  
  44  4:03  Barracks Tech Lab  
  44  4:05  SCV x2  
  41  4:43  SCV x2  
  41  4:55  SCV x2  
  41  4:56  Banshee  
  41  4:58  Cloaking Field  
  45  5:04  Engineering Bay  
  45  5:07  SCV x2  
  45  5:10  Barracks x2, Marine, Stimpack  
  42  5:19  SCV, Supply Depot  
  43  5:24  Barracks  
  43  5:28  Marine, Command Center  
  44  5:42  Supply Depot  
  44  5:48  Factory Tech Lab  
  44  5:49  Banshee, Barracks  
  47  5:53  Marauder  
  49  5:57  SCV x2  
  49  6:01  Barracks Reactor  
  49  6:02  Barracks Tech Lab  
  51  6:06  Supply Depot  
  51  6:09  SCV  
  51  6:10  SCV  
  53  6:12  Refinery  
  53  6:14  Refinery  
  53  6:22  SCV x2  
  55  6:30  Supply Depot  
  55  6:34  SCV  
  50  7:03  Banshee  
  50  7:04  Siege Tank  
  50  7:05  Marauder x2, Marine x3  
  50  7:06  Marine x2  
  65  7:23  Marine x4  
  65  7:27  Marauder  
  68  7:32  Corvid Reactor  
  68  7:36  SCV x2  
  70  7:48  SCV x2  
  72  7:54  Missile Turret  
  72  7:56  Missile Turret  
  72  7:57  Combat Shield  
  72  7:58  Concussive Shells  
  72  8:00  Marauder x2  
  72  8:01  Barracks Tech Lab, Marine x3  
  72  8:02  Marine  
  80  8:06  Siege Tank  
  83  8:15  Medivac  
  83  8:19  Marine x3  
  88  8:22  Marauder x2  
  89  8:34  Marauder  
  89  8:35  Marine, Planetary Fortress  
  89  8:37  Marine  
  89  8:38  SCV x2  
  95  8:42  Refinery  
  95  8:43  Marauder x2  
  95  8:46  Refinery  
  95  8:48  Terran Infantry Weapons Level 1  
  99  8:50  SCV  
  99  8:51  Armory  
  100  8:56  Engineering Bay  
  100  9:05  Supply Depot  
  100  9:08  Supply Depot x2  
  100  9:11  SCV  
  101  9:25  Command Center  
  101  9:26  SCV x2, Marauder x2, Marine x2  
  101  9:29  Raven, Marine x2, Siege Tank, Supply Depot  
  101  9:30  Marauder  
  118  9:33  Supply Depot x2  
  118  9:35  Starport  
  118  9:40  SCV x3  
  118  9:44  Marine  
  122  9:48  Marauder  
  122  9:52  SCV x2, Supply Depot  
  124  9:53  SCV  
  124  9:54  Terran Infantry Armor Level 1  
  124  9:55  Terran Vehicle Weapons Level 1  
  124  9:59  Marauder x2, Marine  
  131  10:00  Marine  
  131  10:01  Siege Tank  
  131  10:03  Command Center  
  136  10:09  Marauder  
  136  10:12  Starport Reactor, Raven  
  140  10:21  Marauder  
  142  10:23  SCV x3  
  145  10:32  Sensor Tower  
  145  10:35  SCV x2  
  147  10:39  Sensor Tower  
  147  10:42  Planetary Fortress  
  147  10:44  SCV, Sensor Tower  
  147  10:47  SCV x2  
  150  10:54  Refinery  
  150  10:55  Raven  
  150  10:56  Viking x2  
  156  11:10  SCV x2  
  158  11:14  Refinery  
  158  11:32  Viking x2  
  162  11:34  Marine x4  
  162  11:38  Raven  
  162  11:39  Planetary Fortress  
  168  12:02  Viking x2  
  120  12:30  Marauder x3, Marine x3  
  120  12:31  Marine  
  130  12:43  Raven, Viking x2  
  135  12:48  Marine x3  
  136  12:52  Marauder x3  
  136  13:03  Marine  
  137  13:06  Marine x2  
  138  13:13  Marauder x2  
  119  13:20  Marauder, Marine x2  
  119  13:22  Viking x2  
  119  13:23  Siege Tank  
  119  13:24  Marine x2  
  119  13:26  SCV x5, Raven  
  135  13:34  Marauder x2  
  135  13:38  SCV x4  
  145  13:41  Marauder  
  145  13:45  SCV  
  146  13:50  SCV x3  
  146  13:54  Sensor Tower  
  146  13:55  Missile Turret, Siege Tank  
  149  13:56  Marauder  
  149  14:00  Missile Turret  
  149  14:02  Missile Turret  
  154  14:09  Terran Infantry Armor Level 2, Terran Infantry Weapons Level 2  
  154  14:10  Terran Vehicle Weapons Level 2  
  154  14:16  Armory, Raven  
  156  14:18  Viking x2, Missile Turret  
  156  14:21  Marauder x3, Marine x3, Missile Turret  
  169  14:24  Missile Turret  
  169  14:28  Siege Tank  
  172  14:39  Refinery  
  172  14:41  Refinery, Missile Turret  
  172  14:42  Marauder  
  172  14:43  Sensor Tower  
  174  14:46  Missile Turret  
  174  14:48  Medivac x2  
  174  14:51  Command Center  
  174  14:52  Command Center  
  178  14:54  Marine  
  178  14:55  Marine x5  
  178  14:59  Medivac  
  186  15:03  Marine, Supply Depot  
  186  15:04  Missile Turret  
  186  15:05  Supply Depot  
  187  15:07  Supply Depot x3  
  187  15:08  Supply Depot  
  187  15:16  Smart Servos  
  187  15:24  Marine x2, Terran Vehicle And Ship Armor Level 1  
  187  15:25  Marine x4, Medivac  
  187  15:26  Marine  
  196  15:29  Supply Depot x2  
  196  15:31  Supply Depot  
  196  15:32  Supply Depot x2  
  196  15:33  Supply Depot  
  196  15:42  Marine x3  
  196  15:44  Marine  
  200  15:56  Supply Depot  
  165  16:25  Marine  
  139  16:26  Marauder x3, Marine x3  
  135  16:32  Viking  
  135  16:33  Viking x2  
  135  16:35  Drilling Claws  
  135  16:43  Marine  
  135  16:44  Marine x2  
  135  16:45  Marine  
  135  16:47  Marauder, Marine x2  
  139  16:49  Missile Turret x2  
  139  16:52  Missile Turret x2  
  139  16:53  Siege Tank  
  146  17:00  Marine  
  133  17:02  Marine, Viking  
  133  17:03  Viking  
  131  17:25  Siege Tank  
  131  17:28  Marine x5  
  129  17:45  Marine  
  129  17:46  Marine x4  
  129  17:47  Viking x2  
  133  17:52  Planetary Fortress  
  133  17:55  Planetary Fortress  
  130  18:13  Starport  
  130  18:15  Command Center  
  130  18:16  Starport  
  130  18:17  Starport, Viking x2  
  111  18:29  Marauder x2, Marine  
  111  18:30  Marauder, Marine  
  107  18:47  Marine x2, Viking x2  
  105  18:50  Marine  
  105  18:51  Marauder x2  
  102  19:02  Viking  
  99  19:03  Viking x2  
  99  19:05  Marine x2  
  99  19:08  Barracks x2  
  99  19:09  Marauder  
  107  19:11  Barracks  
  107  19:12  Marauder, Marine  
  107  19:13  Factory  
  110  19:17  Viking x2  
  110  19:23  Siege Tank  
  117  19:32  Viking  
  117  19:33  Viking x2  
  117  19:35  Refinery  
  123  19:39  Refinery  
  123  19:47  Viking x2  
  127  19:57  Factory  
  121  20:03  Viking x2  
  121  20:05  Planetary Fortress  
  127  20:11  Missile Turret  
  127  20:14  Factory Tech Lab  
  127  20:16  Barracks Reactor, Barracks Tech Lab  
  127  20:17  Barracks Reactor, Viking x2  
  127  20:18  SCV  
  132  20:27  Terran Infantry Weapons Level 3, Terran Vehicle And Ship Armor Level 2, Terran Infantry Armor Level 3  
  132  20:28  Terran Vehicle Weapons Level 3  
  132  20:30  SCV  
  132  20:31  Missile Turret  
  131  20:42  SCV  
  128  20:47  Viking x2  
  128  20:52  Missile Turret  
  128  20:54  SCV  
  125  21:07  SCV  
  110  21:12  Missile Turret  
  110  21:13  Marine  
  110  21:14  Marine x9  
  110  21:19  Viking  
  110  21:20  Viking  
  110  21:31  Marine x4  
  110  21:32  Marine x6  
  88  21:35  Thor x2  
  88  21:36  Factory Tech Lab  
  85  21:49  SCV, Marine x5, Viking  
  85  21:50  Viking  
  92  22:01  SCV  
  93  22:03  Missile Turret  
  93  22:04  SCV  
  94  22:13  SCV  
  95  22:16  SCV  
  95  22:19  Viking  
  95  22:20  SCV x3, Viking  
  103  22:24  Missile Turret  
  103  22:28  SCV  
  105  22:32  SCV x2  
  106  22:40  SCV  
  101  22:46  Marauder x4, Marine  
  101  22:47  Marine x5  
  101  22:49  Viking  
  101  22:50  Viking  
  119  22:52  SCV  
  119  22:54  Orbital Command  
  120  23:04  Marine x2  
  122  23:07  Marauder  
  120  23:19  Viking x2  
  105  23:33  SCV  
  91  23:45  SCV  
  92  23:57  SCV  
Show
View Real Time Build Order
Export as new Build Order

Dendunadan Terran - Winner!

Build Orders:  

Get SALT Encoding   

  12  0:00  SCV  
  13  0:12  SCV  
  14  0:19  Supply Depot  
  14  0:24  SCV  
  15  0:40  SCV  
  15  0:41  Barracks  
  16  0:48  Refinery  
  16  0:53  SCV  
  17  1:05  SCV  
  18  1:17  SCV  
  19  1:29  SCV  
  19  1:31  Marine  
  21  1:46  Command Center  
  21  1:48  Orbital Command  
  21  2:02  Factory  
  21  2:08  Barracks Tech Lab  
  21  2:12  Refinery  
  21  2:19  Supply Depot  
  21  2:20  SCV  
  22  2:33  SCV  
  23  2:45  Starport  
  23  2:58  Refinery  
  23  3:00  Siege Tank  
  23  3:04  SCV  
  27  3:09  Barracks Reactor  
  27  3:16  SCV  
  27  3:19  SCV  
  29  3:21  Refinery  
  29  3:32  Command Center  
  29  3:38  SCV  
  30  3:45  Orbital Command  
  30  3:54  SCV  
  31  4:02  Viking  
  33  4:06  SCV  
  31  4:18  Siege Tank  
  33  4:39  Factory  
  33  4:41  Liberator  
  35  4:52  Orbital Command  
  35  5:16  Orbital Command  
  35  5:24  Siege Tank  
  38  5:29  SCV  
  38  5:30  SCV  
  38  5:33  Factory Reactor  
  40  5:39  Viking x2  
  40  5:42  SCV x2  
  46  5:47  SCV  
  47  5:54  SCV x2  
  49  5:59  SCV  
  49  6:01  Supply Depot  
  49  6:02  Supply Depot  
  50  6:05  Armory  
  50  6:06  SCV x2  
  50  6:11  SCV  
  53  6:12  Viking  
  53  6:13  Viking  
  53  6:16  Siege Tank  
  60  6:27  Factory Tech Lab  
  46  7:06  Engineering Bay  
  46  7:07  SCV x3  
  48  7:19  SCV x3  
  47  7:31  SCV x3  
  47  7:34  Missile Turret  
  50  7:37  Missile Turret  
  50  7:43  SCV x3  
  50  7:44  Missile Turret  
  53  7:55  SCV x3  
  56  8:05  Missile Turret  
  56  8:07  SCV x3  
  56  8:08  Missile Turret  
  61  8:13  Viking x2  
  61  8:16  Siege Tank  
  61  8:19  SCV x3  
  67  8:31  SCV  
  68  8:44  Command Center, Siege Tank  
  68  8:45  Viking  
  68  8:46  Viking  
  75  8:50  Terran Vehicle Weapons Level 1  
  75  8:54  Armory  
  75  8:57  SCV x2  
  77  9:08  Starport  
  77  9:20  Missile Turret  
  77  9:21  Supply Depot  
  77  9:27  Supply Depot  
  77  9:43  SCV x3  
  80  9:48  Factory  
  80  9:51  Terran Ship Weapons Level 1  
  80  9:55  SCV x3  
  83  10:07  SCV  
  83  10:09  Refinery  
  83  10:12  Siege Tank x2  
  90  10:15  Missile Turret x3  
  90  10:23  Refinery, SCV x3  
  90  10:24  Orbital Command  
  90  10:25  Factory  
  93  10:35  SCV x3, Supply Depot  
  94  10:39  Supply Depot  
  96  10:44  Siege Tank  
  96  10:47  SCV x2  
  96  10:49  Sensor Tower  
  101  10:53  SCV x2  
  103  10:59  SCV  
  103  11:00  SCV  
  105  11:07  Orbital Command, Sensor Tower  
  105  11:09  Siege Tank  
  105  11:11  Factory Tech Lab  
  108  11:13  Factory Tech Lab  
  108  11:16  Liberator, Siege Tank  
  108  11:17  Liberator  
  117  11:37  Refinery  
  117  11:43  Siege Tank x2  
  123  11:51  Supply Depot  
  123  11:52  Supply Depot  
  123  11:54  Supply Depot  
  123  11:55  SCV  
  123  11:58  Refinery, Supply Depot  
  124  12:09  Terran Vehicle Weapons Level 2  
  124  12:10  Terran Ship Weapons Level 2, Command Center  
  124  12:13  SCV x4, Siege Tank x2  
  124  12:15  Siege Tank  
  125  12:25  SCV x3  
  101  13:00  Siege Tank x4  
  104  13:32  Siege Tank x2  
  110  13:37  Siege Tank  
  110  13:38  Siege Tank  
  116  13:45  SCV x4  
  116  13:47  Sensor Tower  
  120  13:57  SCV  
  120  14:02  Liberator x2  
  121  14:03  Liberator x2  
  121  14:04  Siege Tank x2  
  121  14:09  Siege Tank  
  142  14:10  Siege Tank  
  145  14:32  Terran Vehicle Weapons Level 3  
  145  14:41  Terran Ship Weapons Level 3  
  145  14:45  Viking x2  
  145  14:46  Viking x2  
  145  14:48  Siege Tank  
  156  15:02  Sensor Tower  
  156  16:07  Siege Tank x2  
  156  16:08  Siege Tank x2  
  156  16:09  Liberator x2  
  156  16:10  Viking  
  170  16:19  Viking  
  159  16:39  Siege Tank  
  162  16:40  Viking  
  154  17:02  Siege Tank x2  
  154  17:03  Siege Tank  
  154  17:04  Liberator x2  
  154  17:05  Viking  
  171  17:25  Viking  
  170  18:17  Viking x3  
  170  18:18  Viking  
  131  18:29  Siege Tank  
  131  18:30  Siege Tank x3  
  143  18:47  Viking x2  
  144  19:01  Siege Tank  
  144  19:02  Siege Tank x3  
  151  19:33  Refinery  
  151  19:34  Refinery, Siege Tank x3  
  152  20:07  Viking x4  
  160  20:37  Viking x3  
  161  20:55  Thor x3  
  167  20:57  Thor  
  170  21:04  Viking  
  170  21:07  Viking x3  
  136  21:34  Viking  
  136  21:37  Thor, Viking  
  123  21:47  Siege Tank x3  
  122  21:54  Orbital Command  
  122  22:19  Siege Tank x3  
  122  22:20  Viking x3  
  122  22:21  Viking, Siege Tank  
  142  22:42  Command Center  
  142  22:50  Viking x3  
  142  22:51  Viking, Siege Tank x3  
  150  22:53  Siege Tank  
  156  23:20  Viking x4  
  156  23:23  Siege Tank  
  167  23:43  Siege Tank  
  170  23:54  Siege Tank x2  
Tags
 
Matchup
TvT
Race
Terran
Replay Pack
Multiplayer
Spawn Locations
Cross Positions
Add a new tag
Caveats
  • Supply blocks, unpowered buildings, or Contaminate may cause inaccurate times.
  • Supply counts are checked every 10 seconds.